 Dungeon Crawl Stone Soup version 0.30.1-11-g7821555f0a (webtiles) character file.

Game seed: 3297513418465744438

9 RancidPinata the Sneak (level 2, -4/19 HPs)
             Began as a Gargoyle Delver on Dec 22, 2023.
             Slain by a sleepcap (6 damage)
             ... on level 6 of the Dungeon.
             The game lasted 00:02:16 (298 turns).

RancidPinata the Sneak (Gargoyle Delver)             Turns: 298, Time: 00:02:17

Health: -4/19      AC:  7    Str: 15    XL:     2   Next: 12%
Magic:  2/2        EV: 10    Int: 10    God:
Gold:   58         SH:  0    Dex: 11    Spells: 1/1 levels left

rFire   . . .        a - +0 mace
rCold   . . .        (no shield)
rNeg    + . .        l - +0 ring mail
rPois   ∞            h - +0 hat
rElec   +            (no cloak)
rCorr   .            (no gloves)
SInv    .            (no boots)
Will    .....        (no amulet)
Stlth   ++           (no ring)
HPRegen 0.23/turn    (no ring)
MPRegen 0.08/turn

%: no passive effects
@: no status effects
A: sickness immunity, AC +2, negative energy resistance 1, electricity
resistance, torment resistance 1, petrification resistance
a: no special abilities


You were on level 6 of the Dungeon.
You visited 1 branch of the dungeon, and saw 3 of its levels.

You collected 58 gold pieces.

Inventory:

Hand Weapons
 a - a +0 mace (weapon)
Armour
 b - a +0 leather armour
 h - a +0 hat (worn)
 l - a +0 ring mail (worn)
Wands
 g - a wand of digging (3)
Scrolls
 c - a scroll of fog
 d - a scroll of magic mapping
 e - a scroll of fear
 i - a scroll of amnesia {unknown}
 j - a scroll of blinking {unknown}
 k - a scroll of identify {unknown}
 o - a scroll of immolation {unknown}
Potions
 f - a potion of haste
 m - a potion of attraction {unknown}
 n - a potion of lignification {unknown}


   Skills:
 * Level 3.4 Fighting
 + Level 2.1 Maces & Flails
 * Level 0.7 Armour
 + Level 1.7 Dodging
 + Level 5.5 Stealth


You had one spell level left.
You didn't know any spells.
Your spell library contained the following spells:

 Spells                   Type           Power      Damage    Failure   Level
 Apportation              Tloc           0%         N/A       58%         1
 Necrotise                Necr           0%         1d4       58%         1
 Summon Small Mammal      Summ           0%         N/A       58%         1


Dungeon Overview and Level Annotations

Branches:
Dungeon (7/15)
 Temple: D:4-7

Altars:
Ru

Annotations:
D:5 Edmund


Innate Abilities, Weirdness & Mutations

You are immune to sickness and miasma.
Your stone body is resilient. (AC +2)
You are immune to poison.
You resist negative energy. (rN+)
You are resistant to electric shocks. (rElec)
You are resistant to unholy torment.
You are immune to petrification.


Message History

The ufetubus hits you but does no damage. x2
The sleepcap completely misses you. The ufetubus barely misses you. x2
The sleepcap releases spores at you but does no damage.
You barely miss the ufetubus. The ufetubus closely misses you.
The ufetubus completely misses you. The ufetubus hits you.
The ufetubus barely misses you.
The sleepcap releases spores at you but does no damage.
You hit the sleepcap.
The sleepcap is moderately damaged.
The ufetubus closely misses you. The ufetubus completely misses you.
The sleepcap releases spores at you but does no damage.
The ufetubus hits you but does no damage.
The ufetubus closely misses you.
You thump the sleepcap!
The sleepcap is heavily damaged.
The ufetubus barely misses you.
The ufetubus hits you but does no damage.
The sleepcap releases spores at you. The ufetubus barely misses you.
The ufetubus closely misses you. The sleepcap barely misses you.
You hit the sleepcap but do no damage.
The sleepcap is heavily damaged.
The ufetubus closely misses you.
The ufetubus hits you but does no damage. x3
The sleepcap releases spores at you.
You hit the sleepcap but do no damage.
The sleepcap is heavily damaged.
The ufetubus barely misses you. The ufetubus hits you.
The sleepcap closely misses you.
The ufetubus hits you but does no damage. x2
You hit the sleepcap.
The sleepcap is severely damaged.
The ufetubus closely misses you. The ufetubus completely misses you.
The sleepcap releases spores at you.
* * * LOW HITPOINT WARNING * * *
The ufetubus hits you but does no damage. x2
The sleepcap barely misses you.
You hit the ufetubus.
You kill the ufetubus!
The sleepcap releases spores at you.
You die...

#................#.#
...................# #
#.............##..##
#.###..$........###.....
.......................
......................#
.#...?.#............#
#.###.....###..........#
.......@..# #..........#
.......f#.# #..<.......#
#.###...#.###..........#
..............>.....#
####...####..........#
..... #.##########
...... ...# ......##..
##.


You could see a sleepcap.

Vanquished Creatures
  An adder (D:5)
  An ufetubus (D:6)
2 creatures vanquished.

Notes
Turn   | Place    | Note
-------+----------+-------------------------------------------
     0 | D:5      | RancidPinata the Gargoyle Delver began the quest for the
                  | Orb.
     0 | D:5      | Reached XP level 1. HP: 14/14 MP: 1/1
   208 | D:6      | Noticed a sleepcap
   230 | D:5      | Reached XP level 2. HP: 13/19 MP: 2/2
   255 | D:5      | Noticed Edmund
   263 | D:5      | Found a sacrificial altar of Ru.
   298 | D:6      | Slain by a sleepcap

Illustrated notes

Levels and vault maps discovered:
D:5:      layout_basic, nicolae_ru_sacrificial_ziggurat,
          ebering_ghost_reflecting_pool, minmay_misc_feat_ornament,
          minmay_shop_mass, uniq_crazy_yiuf_cottage, uniq_edmund, uniq_sigmund,
          uniq_blork_the_orc
D:6:      layout_rooms, grunt_dithmenos_shadows,
          gammafunk_temple_overflow_forgotten, minmay_temple_entry_from_below_b
D:7:      layout_basic, ebering_ghost_reflecting_pool, dreamdust_gnoll_farm,
          uniq_duvessa

Action                     || total
---------------------------++-------
  Melee: Mace              ||    13
 Armour: Ring mail         ||    17
  Dodge: Dodged            ||    26
